 Dungeon Crawl Stone Soup version 5.6-49-g8abd877 (webtiles) character file.

135219 Lanacter the Fencer (level 20, -5/126 HPs)
             Began as a Gargoyle Chaos Knight on July 29, 2018.
             Slain by a very large slime creature (31 damage)
             ... on level 3 of the Pits of Slime.
             The game lasted 01:28:32 (25237 turns).

Lanacter the Fencer (Gargoyle Chaos Knight)        Turns: 25237, Time: 01:28:33

Health: -5/126     AC: 31 (50%)Str: 31  XL:     20   Next: 66%
Magic:  31/31      EV: 22    Int: 22    God:    Xom []
Gold:   1604       SH:  0    Dex: 25    Spells: 31/38 levels left

rFire    + . .     SeeInvis .   a - +8 triple sword "Loopy" {chaos, MR+ Str+5}
rCold    + . .     Faith    +   (shield currently unavailable)
rNeg     + . .     Spirit   .   P - +8 shadow dragon scales
rPois    ∞         Reflect  .   (no helmet)
rElec    +                      L - +2 cloak
rCorr    .                      D - +0 pair of gloves
MR       +++..                  H - +2 pair of boots {run}
Stlth    ++++++++++             n - amulet of Xom's Malicious Joy {Faith MR+ Int+2 Slay+2}
Regen    0.8/turn               s - ring "Qioff" {rF+ Str+3 Dex+3 Slay+3}
MPRegen  0.3/turn               T - ring of Shadows {Umbra Dex+13}

@: exhausted, corroded, flying, regenerating, slowed, wreathed by umbra, very
slow
A: big wings, fangs 1, clever, cold resistance 1, deformed body, negative energy
resistance 1, screaming 1, electricity resistance, unbreathing, petrification
resistance, rot immunity, sturdy frame, AC +15
}: 2/9 runes: decaying, silver
a: Stop Flying, End Regeneration, Stop Singing, Renounce Religion


You were on level 3 of the Pits of Slime.
You worshipped Xom.
You were a plaything of Xom.
You were not hungry.

You visited 6 branches of the dungeon, and saw 27 of its levels.
You visited the bazaar 3 times.
You also visited: Sewer.

You collected 3805 gold pieces.
You spent 2201 gold pieces at shops.

Inventory:

Hand Weapons
 a - the +8 triple sword "Loopy" (weapon) {chaos, MR+ Str+5}
   (Xom gifted it to you on level 3 of the Vaults)

   Each time it hits an enemy it has a different, random effect.
   It affects your strength (+5).
   It affects your resistance to hostile enchantments.
 b - the +8 triple sword "Teadech" {chaos, rC+ Dex+2}
   (Xom gifted it to you on level 2 of the Orcish Mines)

   Each time it hits an enemy it has a different, random effect.
   It affects your dexterity (+2).
   It protects you from cold.
 l - the +9 dagger "Nynnih" {devast, Str+3}
   (You found it on level 6 of the Dungeon)

   Attacks with this weapon are slower, but deal significantly more damage.
   It affects your strength (+3).
 o - the +1 triple sword of the Globe {silver, Int+2 Stlth+}
   (You acquired it on level 15 of the Dungeon)

   It has been blessed by the Shining One to cause great damage to the undead
   and demons.
   It affects your intelligence (+2).
   It makes you more stealthy.
Missiles
 g - 52 javelins (quivered)
 Q - 12 curare darts
Armour
 c - the +8 chain mail of the Red Skies {rPois MR+}
   (You found it on level 2 of the Swamp)

   It protects you from poison.
   It affects your resistance to hostile enchantments.
 D - a +0 pair of gloves (worn)
 H - a +2 pair of boots of running (worn)
 K - the +5 ring mail of the Distant Future {rF+ Str+3}
   (Xom gifted it to you on level 7 of the Dungeon)

   It affects your strength (+3).
   It protects you from fire.
 L - a +2 cloak (worn)
 P - +8 shadow dragon scales (worn)
 V - +0 ice dragon scales
 W - a +0 troll leather armour
 X - a +0 helmet
Jewellery
 n - the amulet of Xom's Malicious Joy (around neck) {Faith MR+ Int+2 Slay+2}
   (You bought it in a shop in a bazaar)

   [amulet of faith]

   It allows you to gain divine favour quickly.
   It affects your intelligence (+2).
   It affects your accuracy and damage with ranged weapons and melee attacks
   (+2).
   It affects your resistance to hostile enchantments.
 s - the ring "Qioff" (left hand) {rF+ Str+3 Dex+3 Slay+3}
   (You took it off a vault sentinel on level 2 of the Vaults)

   [ring of slaying]

   It affects your strength (+3).
   It affects your dexterity (+3).
   It affects your accuracy and damage with ranged weapons and melee attacks
   (+3).
   It protects you from fire.
 x - the ring of Xom's Outrage {+Blink rN+ Int+4}
   (You took it off a fire giant on level 3 of the Vaults)

   [ring of positive energy]

   It affects your intelligence (+4).
   It protects you from negative energy.
   It lets you blink.
 E - an uncursed ring of wizardry
 M - a +6 ring of protection
 N - an uncursed amulet of regeneration
 T - the ring of Shadows (right hand) {Umbra Dex+13}
   (You bought it in a shop in a bazaar)

   [ring of evasion]

   It affects your dexterity (+13).
 U - the ring "Zetetzum" {rC+ MP+9 Int+5 Dex-4}
   (Xom gifted it to you on level 3 of the Swamp)

   [ring of intelligence]

   It affects your intelligence (+5).
   It affects your dexterity (-4).
   It protects you from cold.
   It affects your magic capacity (+9).
Wands
 f - a wand of paralysis (10)
 F - a wand of lightning (19)
 J - a wand of digging (41)
 R - a wand of iceblast (5)
Scrolls
 d - 2 scrolls of fear
 k - 5 scrolls of immolation
 r - 5 scrolls of fog
 u - 6 scrolls of enchant weapon
 v - 6 scrolls of magic mapping
 y - 8 scrolls of amnesia
 z - a scroll of teleportation
Potions
 e - 2 potions of berserk rage
 h - 3 potions of mutation {!q}
 i - 6 potions of augmentation
 q - 2 potions of invisibility
 w - 2 potions of ambrosia
 B - a potion of resistance
 I - 5 potions of lignification
 O - 3 potions of magic
 Y - 2 potions of haste
Miscellaneous
 m - a disc of storms
 A - a phial of floods
 C - 2 phantom mirrors
 G - a crystal ball of energy
 S - a sack of spiders


   Skills:
 - Level 13.9 Fighting
 * Level 20.8 Blades
 + Level 14.7 Armour
 + Level 12.0 Dodging
 - Level 13.2 Stealth
 - Level 4.5 Shields
 - Level 6.6 Charms
 - Level 2.1 Summonings
 - Level 6.3 Translocations
 - Level 2.0 Ice Magic


You had 31 spell levels left.
You knew the following spells:

 Your Spells              Type           Power        Failure   Level  Hunger
a - Song of Slaying       Chrm           29 (100)     2%          2    N/A
b - Regeneration          Chrm/Necr      14 (200)     21%         3    N/A
c - Blink                 Tloc           N/A          2%          2    N/A

Your spell library contained the following spells:

 Spells                   Type           Power        Failure   Level  Hunger
 Cause Fear               Hex            0 (200)      94%         4    N/A
 Fireball                 Fire           0 (200)      100%        5    N/A
 Apportation              Tloc           28 (1000)    1%          1    N/A
 Conjure Flame            Fire/Air       0 (100)      58%         3    N/A
 Bolt of Fire             Fire           0 (200)      100%        6    N/A
 Slow                     Hex            0 (100)      36%         2    N/A
 Ring of Flames           Chrm/Fire      14 (200)     100%        7    N/A
 Death's Door             Chrm/Necr      14 (200)     100%        8    N/A
 Summon Small Mammal      Summ           9 (25)       11%         1    N/A
 Bolt of Draining         Necr           0 (200)      100%        5    N/A
 Haunt                    Necr/Summ      4 (200)      100%        7    N/A
 Borgnjor's Revivificati  Necr           0 (200)      100%        8    N/A
 Sticky Flame             Fire           0 (100)      94%         4    N/A
 Ozocubu's Armour         Chrm/Ice       19 (100)     38%         4    N/A
 Dispel Undead            Necr           0 (100)      100%        5    N/A
 Iron Shot                Erth           0 (200)      100%        6    N/A
 Agony                    Necr           0 (100)      100%        5    N/A
 Statue Form              Tmut/Erth      0 (150)      100%        6    N/A
 Necromutation            Tmut/Necr      0 (200)      100%        6    N/A
 Throw Icicle             Ice            9 (100)      73%         4    N/A
 Confusing Touch          Hex            0 (50)       26%         1    N/A
 Flame Tongue             Fire           0 (40)       26%         1    N/A
 Ignite Poison            Fire/Tmut      0 (100)      58%         3    N/A
 Shatter                  Erth           0 (200)      100%        9    N/A
 Static Discharge         Air            0 (100)      58%         3    N/A
 Corona                   Hex            0 (90)       26%         1    N/A
 Sandblast                Erth           0 (25)       26%         1    N/A
 Excruciating Wounds      Chrm/Necr      14 (200)     88%         5    N/A
 Portal Projectile        Hex/Tloc       13 (50)      21%         3    N/A
 Orb of Destruction       Erth           0 (200)      100%        7    N/A
 Leda's Liquefaction      Hex/Erth       0 (200)      94%         4    N/A
 Iskenderun's Battlesphe  Chrm/Summ      19 (100)     75%         5    N/A
 Infusion                 Chrm           25 (25)      1%          1    N/A
 Spectral Weapon          Chrm/Summ      19 (100)     75%         5    N/A
 Searing Ray              Fire           0 (50)       36%         2    N/A
 Infestation              Hex/Necr       0 (200)      100%        7    N/A
 Ignition                 Fire           0 (200)      100%        8    N/A

Dungeon Overview and Level Annotations

Branches:
Dungeon (15/15) Swamp (3/3) Orc:2 Slime (3/3) Orc:2 Vaults:3 Orc (2/2) D:15 Vaults (3/3) D:15 Swamp:3 Depths (0/3) D:15 Vaults:3 Bazaar (1/1) Snake: Orc:2 Spider: Orc:2

Altars:
Cheibriados
Dithmenos
Elyvilon
Gozag
Jiyva
Kikubaaqudgha
Lugonu
Makhleb
Nemelex Xobeh
Okawaru
Qazlal
Ru
Sif Muna
Trog
Uskayaw
Vehumet
Wu Jian
Xom
Yredelemnul
Zin
The Shining One

Shops:
Bazaar *(?([=*


Innate Abilities, Weirdness & Mutations

You are resistant to torment.
Your stone body is resilient. (AC +15)
You are immune to poison.
Your large and strong wings let you fly indefinitely.
You resist negative energy. (rN+)
You are resistant to electric shocks. (rElec)
You can survive without breathing.
You are immune to petrification.
You are immune to rotting.
You have very sharp teeth.
Your mind is acute. (Int +5)
Your flesh is cold resistant. (rC+)
Armour fits poorly on your strangely shaped body.
You occasionally shout uncontrollably at your foes.
Your movements are less encumbered by armour. (ER -6)


Message History

* * * LOW HITPOINT WARNING * * *
The death ooze misses you.
The slime creature completely misses you.
The acid blob hits you but does no damage.
The death ooze closely misses you.
The death ooze hits you but does no damage.
The slime creature hits you but does no damage.
Unknown command.
Unknown command.
Unknown command.
You slash the acid blob (7)!
The acid blob goes berserk!
Your hands burn!
* * * LOW HITPOINT WARNING * * *
The acid blob is almost dead.
The acid blob hits you but does no damage.
The death ooze hits you but does no damage. x2
The acid blob hits you but does no damage.
The slime creature hits you but does no damage.
The very large slime creature hits you (31)!!
You die...
Xom thinks this is hilarious!

..........##
..............#
.................##
##.................#
J#..................#
.............J.....##
#...........JJ.....#
#..J....J...J@.....#
##...........J......#
#......G.............#
##...................##
##...................##
#...................##
....................#
...................##
...................#


You could see an acid blob (berserk), a very large slime creature, 3 slime
creatures, a death ooze and an eye of draining.

Vanquished Creatures
  An ancient lich (Vaults:3)
  the Lernaean hydra (Swamp:3)
  An elevengu (Vaults:3)
  2 titans (Vaults:3)
  A ghost robin (Vaults:3)
  4 acid blobs
  2 tentacled starspawn (Vaults:3)
  2 tentacled monstrosities
  2 sphinxes (Vaults:1)
  5 thorn hunters
  A shadow dragon (Vaults:3)
  3 storm dragons (Vaults:3)
  Roxanne (Swamp:2)
  An azure jelly (Slime:2)
  9 fire giants (Vaults:3)
  5 frost giants (Vaults:3)
  An iron dragon (Vaults:3)
  A balrug (shapeshifter) (Vaults:3)
  An orc warlord (Orc:2)
  2 deep elf sorcerers
  12 vault wardens
  14 ironheart preservers
  9 stone giants
  2 very ugly things
  2 war gargoyles (Vaults:3)
  A deep elf demonologist (Vaults:3)
  2 halazid warlocks
  4 ettins
  2 crystal guardians
  A fire dragon (Vaults:3)
  A deep elf high priest (Vaults:3)
  9 yaktaur captains
  7 ogre magi
  31 vault guards
  3 rakshasas
  17 hydras
  Harold (D:11)
  2 great orbs of eyes
  An ice dragon (Vaults:2)
  9 centaur warriors
  2 ghost crabs
  A catoblepas (D:15)
  A death knight (D:14)
  6 alligators
  25 two-headed ogres
  2 deep troll shamans
  4 tengu warriors
  3 deep troll earth magi
  Urug (D:11)
  A silent spectre (shapeshifter) (D:15)
  4 deep elf knights
  6 spriggans
  A fire crab (D:15)
  A hell knight (Vaults:3)
  A glowing orange brain (D:15)
  A spriggan druid (Swamp:1)
  An unseen horror (D:12)
  10 swamp dragons
  18 deep trolls
  3 wizards
  2 shambling mangroves
  A deep elf archer (Vaults:2)
  10 ironbrand convokers
  3 phantasmal warriors (Vaults:3)
  5 orc knights
  A wolf spider (Swamp:1)
  4 cyclopes
  4 harpies (Vaults:2)
  5 deep elf magi
  3 shining eyes
  27 ugly things
  2 hornets
  2 orc sorcerers
  3 manticores
  A salamander (shapeshifter) (D:13)
  A black mamba (D:12)
  Joseph (D:7)
  An apocalypse crab (shapeshifter) (D:15)
  2 gargoyles
  11 vault sentinels
  An eye of devastation (Slime:2)
  2 spiny frogs
  2 efreet
  19 yaktaurs
  2 rime drakes
  2 tengu conjurers (D:15)
  3 freezing wraiths
  A jumping spider (D:12)
  4 meliai
  A jumping spider (shapeshifter) (Vaults:1)
  A polar bear (shapeshifter) (Vaults:1)
  8 trolls
  A tyrant leech (Swamp:3)
  A wind drake (shapeshifter) (D:13)
  Grinder (D:7)
  A raiju (shapeshifter) (Vaults:3)
  10 bog bodies (Swamp:3)
  10 blink frogs
  43 slime creatures
  3 vampires
  4 shadows
  3 wyverns
  A wraith (D:12)
  A human (D:15)
  15 yaks
  A black mamba skeleton (D:12)
  4 angry ghosts
  2 steam dragons
  3 vampire mosquitoes (Swamp:2)
  Edmund (D:4)
  2 wargs
  An acid dragon (shapeshifter) (D:15)
  16 swamp worms
  A water moccasin (D:8)
  A spiny frog zombie (D:7)
  12 swamp drakes
  A black bear (D:11)
  23 orc warriors
  A swamp worm (shapeshifter) (Vaults:3)
  5 ice beasts
  2 blink frog zombies
  15 wasps
  An eye of draining (Slime:1)
  A black bear (shapeshifter) (Vaults:3)
  A phantom (shapeshifter) (Vaults:1)
  13 centaurs
  5 boggarts (Vaults:2)
  43 ogres
  2 big kobolds (Sewer)
  3 bullfrogs
  A rime drake skeleton (D:10)
  4 wyvern skeletons
  2 scorpions
  5 crimson imps
  3 killer bees (D:11)
  A troll zombie (D:7)
  4 wights (D:8)
  5 centaur zombies
  A quasit (D:4)
  A wasp zombie (D:5)
  A bullfrog zombie (D:5)
  5 human zombies (D:7)
  3 hounds
  12 orc priests
  3 jellies
  11 orc wizards
  2 human skeletons (D:7)
  8 centaur skeletons
  4 worker ants
  5 iguanas
  An ogre skeleton (D:7)
  4 gnolls (D:2)
  9 adders
  2 shadow imps
  6 oozes
  3 dart slugs
  55 orcs
  8 quokkas
  3 ball pythons (Sewer)
  6 giant cockroaches
  15 goblins
  9 hobgoblins
  6 jackals
  9 bats
  7 frilled lizards
  A jackal skeleton (D:4)
  18 kobolds
  2 orc zombies (D:7)
  10 rats
  4 briar patches
  2 plants (D:15)
  2 starspawn tentacles (Vaults:3)
920 creatures vanquished.

Vanquished Creatures (collateral kills)
  A ghoul (Vaults:1)
  An ettin (Vaults:2)
  A hydra (Swamp:3)
  A vault sentinel (Vaults:2)
  2 blink frogs (D:15)
  3 orc warriors (Orc:2)
  A centaur (Vaults:3)
  An orc priest (Orc:2)
  2 orc wizards (Orc:2)
  A quokka (D:2)
  A bat (D:2)
  A goblin (D:1)
  A hobgoblin (D:1)
  A kobold (D:2)
  A rat (D:2)
  A butterfly (D:2)
20 creatures vanquished.

Vanquished Creatures (others)
  An ironheart preserver (Vaults:3)
  A very ugly thing (Vaults:3)
  3 vault guards (Vaults:3)
  6 dancing weapons
  An alligator (Swamp:3)
  A spatial maelstrom (shapeshifter) (Vaults:3)
  2 deep elf magi
  2 ugly things
  A drowned soul (D:11)
  A vault sentinel (Vaults:3)
  A slime creature (D:12)
  2 ball lightnings (D:7)
  A blink frog (D:15)
  A spriggan (Swamp:3)
  A wasp (D:12)
  A blink frog zombie (D:10)
  3 orcs (D:15)
  2 bushes (Swamp:3)
  25 fungi
  7 plants
  4 starspawn tentacles (Vaults:3)
67 creatures vanquished.

Grand Total: 1007 creatures vanquished

Notes
Turn   | Place    | Note
-------+----------+-------------------------------------------
     0 | D:1      | Lanacter the Gargoyle Chaos Knight began the quest for the Orb.
     0 | D:1      | Reached XP level 1. HP: 14/14 MP: 2/2
    47 | D:1      | XOM: enchant monster (bad)
    50 | D:1      | XOM: swap monsters
   115 | D:1      | Reached skill level 3 in Blades
   212 | D:1      | Reached XP level 2. HP: 19/19 MP: 3/3
   393 | D:1      | XOM: cast spell 'Confusing Touch'
   414 | D:1      | XOM: give mutations
   414 | D:1      | Gained mutation: Your flesh is cold resistant. (rC+) [Xom's grace]
   414 | D:1      | Gained mutation: You are covered in thick fur. (AC +4) [Xom's grace]
   414 | D:1      | Gained mutation: Your spells are a little easier to cast, but a little less powerful. [Xom's grace]
   414 | D:1      | XOM: god gift: +0 chain mail
   565 | D:1      | Reached XP level 3. HP: 20/23 MP: 5/5
   585 | D:1      | XOM: summons friendly ufetubus
  1044 | D:2      | Noticed a hand axe
  1044 | D:2      | Noticed a dagger
  1047 | D:2      | Found a hide-covered altar of Uskayaw.
  1058 | D:2      | XOM: noise
  1059 | D:2      | XOM: summons 1 hostile demon
  1107 | D:2      | XOM: potion effect (berserk rage)
  1109 | D:2      | XOM: god gift: +2 scimitar of devastation
  1141 | D:2      | Found a shadowy altar of Dithmenos.
  1205 | D:2      | Reached XP level 4. HP: 26/29 MP: 6/6
  1266 | D:2      | Found a faded altar of an unknown god.
  1297 | D:2      | Found a shimmering altar of Xom.
  1331 | D:2      | Found an iron altar of Okawaru.
  1335 | D:2      | Reached skill level 4 in Blades
  1336 | D:2      | XOM: enchant monster (bad)
  1366 | D:2      | XOM: potion effect (heal wounds)
  1370 | D:2      | XOM: summons 2 friendly demons
  1371 | D:2      | XOM: potion effect (haste)
  1387 | D:2      | XOM: god gift: disc of storms
  1391 | D:2      | XOM: summons friendly ufetubus
  1459 | D:2      | Lost mutation: Your flesh is cold resistant. (rC+) [Xom's power]
  1459 | D:2      | Lost mutation: You are covered in thick fur. (AC +4) [Xom's power]
  1459 | D:2      | Lost mutation: Your spells are a little easier to cast, but a little less powerful. [Xom's power]
  1459 | D:2      | XOM: give mutations
  1459 | D:2      | Gained mutation: Your movements are less encumbered by armour. (ER -6) [Xom's grace]
  1459 | D:2      | Gained mutation: Scrolls take you a little longer to read. [Xom's grace]
  1459 | D:2      | Gained mutation: Your bite drains your enemies. [Xom's grace]
  1459 | D:2      | Gained mutation: Shadows flee at your approach. (+LOS) [Xom's grace]
  1591 | D:2      | Found a burning altar of Makhleb.
  1596 | D:2      | XOM: god gift: staff of summoning
  1596 | D:2      | Reached XP level 5. HP: 34/34 MP: 8/8
  1655 | D:2      | XOM: noise
  1659 | D:2      | XOM: summons friendly crimson imp
  1746 | D:3      | XOM: divination: detect items
  2030 | D:3      | Found a glowing drain.
  2034 | D:3      | Reached skill level 5 in Blades
  2064 | Sewer    | Entered a sewer
  2081 | Sewer    | Noticed a big kobold
  2089 | Sewer    | Killed a big kobold
  2089 | Sewer    | Lost mutation: Scrolls take you a little longer to read. [Xom's power]
  2089 | Sewer    | Lost mutation: Your movements are less encumbered by armour. (ER -6) [Xom's power]
  2089 | Sewer    | Lost mutation: Shadows flee at your approach. (+LOS) [Xom's power]
  2089 | Sewer    | Lost mutation: Your bite drains your enemies. [Xom's power]
  2089 | Sewer    | XOM: give mutations
  2089 | Sewer    | Gained mutation: Your spells are a little harder to cast, but a little more powerful. [Xom's grace]
  2089 | Sewer    | Gained mutation: A frigid envelope surrounds you and freezes all who hurt you. [Xom's grace]
  2089 | Sewer    | Gained mutation: Potions take you a little longer to quaff. [Xom's grace]
  2089 | Sewer    | Lost mutation: Potions take you a little longer to quaff. [Xom's grace]
  2089 | Sewer    | Gained mutation: Your magical capacity is low. (-10% MP) [Xom's grace]
  2089 | Sewer    | Gained mutation: You have a pair of small horns on your head. [Xom's grace]
  2089 | Sewer    | XOM: god gift: scroll of immolation
  2089 | Sewer    | Reached XP level 6. HP: 35/40 MP: 8/8
  2162 | Sewer    | Reached skill level 5 in Fighting
  2166 | Sewer    | XOM: god gift: +3 double sword of chaos
  2439 | D:3      | Found a radiant altar of Vehumet.
  2877 | D:3      | Reached skill level 6 in Blades
  2879 | D:3      | Found a deep blue altar of Sif Muna.
  2944 | D:3      | Reached XP level 7. HP: 44/44 MP: 10/10
  3367 | D:4      | Found a glowing golden altar of the Shining One.
  3543 | D:4      | XOM: fog
  3543 | D:4      | Lost mutation: You have a pair of small horns on your head. [Xom's power]
  3543 | D:4      | Lost mutation: Your magical capacity is low. (-10% MP) [Xom's power]
  3543 | D:4      | Lost mutation: A frigid envelope surrounds you and freezes all who hurt you. [Xom's power]
  3543 | D:4      | Lost mutation: Your spells are a little harder to cast, but a little more powerful. [Xom's power]
  3543 | D:4      | XOM: give mutations
  3543 | D:4      | Gained mutation: You have a beak for a mouth. [Xom's grace]
  3543 | D:4      | Gained mutation: Potions are less effective at restoring your health. [Xom's grace]
  3543 | D:4      | Gained mutation: Your body sometimes deteriorates upon taking damage. [Xom's grace]
  3543 | D:4      | Gained mutation: You are dopey. (Int -5) [Xom's grace]
  3543 | D:4      | Gained mutation: You are resistant to hostile enchantments. (MR+) [Xom's grace]
  3572 | D:4      | Found a stormy altar of Qazlal.
  3583 | D:4      | Noticed Edmund
  3602 | D:4      | Killed Edmund
  3927 | D:4      | Reached skill level 7 in Blades
  4429 | D:5      | XOM: god gift: phial of floods
  4429 | D:5      | Entered Level 5 of the Dungeon
  4453 | D:5      | XOM: potion effect (augmentation)
  4456 | D:5      | Reached XP level 8. HP: 27/52 MP: 12/12
  4805 | D:5      | XOM: noise
  4810 | D:5      | Found an ornate altar of the Wu Jian Council.
  4846 | D:5      | XOM: god gift: +3 ring of slaying
  4907 | D:5      | XOM: cloud trail
  5173 | D:6      | XOM: divination: detect creatures
  5342 | D:6      | XOM: noise
  5382 | D:6      | Found a sacrificial altar of Ru.
  5414 | D:6      | Reached skill level 8 in Blades
  5688 | D:6      | Found a corrupted altar of Lugonu.
  6053 | D:6      | Got the +9 dagger "Nynnih" {devast, Str+3}
  6130 | D:7      | XOM: noise
  6148 | D:7      | Noticed Grinder
  6156 | D:7      | Found an opulent altar of Gozag.
  6176 | D:7      | Killed Grinder
  6176 | D:7      | Reached skill level 9 in Blades
  6176 | D:7      | Reached XP level 9. HP: 54/57 MP: 12/12
  6245 | D:7      | Found a snail-covered altar of Cheibriados.
  6255 | D:7      | Lost mutation: You have a beak for a mouth. [Xom's power]
  6255 | D:7      | Lost mutation: Your body sometimes deteriorates upon taking damage. [Xom's power]
  6255 | D:7      | Lost mutation: You are dopey. (Int -5) [Xom's power]
  6255 | D:7      | Lost mutation: You are resistant to hostile enchantments. (MR+) [Xom's power]
  6255 | D:7      | Lost mutation: Potions are less effective at restoring your health. [Xom's power]
  6255 | D:7      | XOM: give mutations
  6255 | D:7      | Gained mutation: You have sharp fingernails. [Xom's grace]
  6255 | D:7      | Gained mutation: You are clumsy. (Dex -5) [Xom's grace]
  6255 | D:7      | Gained mutation: You possess an exceptional clarity of mind. [Xom's grace]
  6255 | D:7      | Gained mutation: Potions are less effective at restoring your health. [Xom's grace]
  6255 | D:7      | Gained mutation: Your spells are a little easier to cast, but a little less powerful. [Xom's grace]
  6255 | D:7      | Gained mutation: You have sharp toenails. [Xom's grace]
  6255 | D:7      | Lost mutation: You are clumsy. (Dex -5) [Xom's grace]
  6255 | D:7      | Gained mutation: Your movements are less encumbered by armour. (ER -6) [Xom's grace]
  6255 | D:7      | Gained mutation: Your mind is acute. (Int +5) [Xom's grace]
  6255 | D:7      | Lost mutation: Potions are less effective at restoring your health. [Xom's grace]
  6255 | D:7      | Gained mutation: You have razor-sharp toenails. [Xom's grace]
  6255 | D:7      | Lost mutation: Your movements are less encumbered by armour. (ER -6) [Xom's grace]
  6255 | D:7      | Gained mutation: Your spells are easier to cast, but less powerful. [Xom's grace]
  6255 | D:7      | Lost mutation: Your mind is acute. (Int +5) [Xom's grace]
  6272 | D:7      | Found a viscous altar of Jiyva.
  6274 | D:7      | Found a glowing silver altar of Zin.
  6277 | D:7      | Found a basalt altar of Yredelemnul.
  6282 | D:7      | Found a bloodstained altar of Trog.
  6288 | D:7      | Found a white marble altar of Elyvilon.
  6328 | D:7      | XOM: potion effect (invisibility)
  6329 | D:7      | XOM: god gift: 35 gold pieces
  6341 | D:7      | Found an ancient bone altar of Kikubaaqudgha.
  6374 | D:7      | XOM: summons 2 hostile demons
  6375 | D:7      | XOM: blink monster(s)
  6570 | D:7      | Reached skill level 10 in Blades
  6595 | D:7      | Found a sparkling altar of Nemelex Xobeh.
  6596 | D:7      | Noticed Joseph
  6596 | D:7      | XOM: cloud trail
  6601 | D:7      | XOM: enchant monster (bad)
  6607 | D:7      | XOM: cast spell 'Conjure Ball Lightning'
  6609 | D:7      | XOM: god gift: +5 ring mail of the Distant Future {rF+ Str+3}
  6609 | D:7      | Reached XP level 10. HP: 39/66 MP: 15/15
  6611 | D:7      | Killed Joseph
  6611 | D:7      | Reached skill level 11 in Blades
  6633 | D:7      | Got the +5 ring mail of the Distant Future {rF+ Str+3}
  7173 | D:8      | XOM: cleaving
  7178 | D:8      | XOM: god gift: wand of digging (10)
  7178 | D:8      | Reached skill level 10 in Fighting
  7423 | D:8      | Reached skill level 12 in Blades
  7474 | D:8      | Noticed a two-headed ogre
  7484 | D:8      | Killed a two-headed ogre
  8024 | D:8      | XOM: summons 3 friendly demons
  8027 | D:8      | Reached XP level 11. HP: 66/73 MP: 17/17
  8107 | D:8      | Found a glowing golden altar of the Shining One.
  8329 | D:9      | Found an ornate altar of the Wu Jian Council.
  8528 | D:9      | XOM: blink monster(s)
  8537 | D:9      | XOM: god gift: +0 leather armour
  9234 | D:10     | Entered Level 10 of the Dungeon
  9584 | D:10     | Noticed a two-headed ogre
  9590 | D:10     | XOM: summons friendly white imp
  9591 | D:10     | XOM: summons 5 hostile demons
  9592 | D:10     | Killed a two-headed ogre
  9592 | D:10     | Reached skill level 13 in Blades
  9953 | D:10     | Reached skill level 1 in Stealth
 10268 | D:11     | Noticed a white ugly thing
 10272 | D:11     | Lost mutation: You have sharp fingernails. [Xom's power]
 10272 | D:11     | Lost mutation: You have razor-sharp toenails. [Xom's power]
 10272 | D:11     | Lost mutation: You have sharp toenails. [Xom's power]
 10272 | D:11     | Lost mutation: You possess an exceptional clarity of mind. [Xom's power]
 10272 | D:11     | Lost mutation: Your spells are easier to cast, but less powerful. [Xom's power]
 10272 | D:11     | Lost mutation: Your spells are a little easier to cast, but a little less powerful. [Xom's power]
 10272 | D:11     | XOM: give mutations
 10272 | D:11     | Gained mutation: You have a pair of small horns on your head. [Xom's grace]
 10272 | D:11     | Gained mutation: You passively map the area around you. [Xom's grace]
 10272 | D:11     | Gained mutation: You occasionally shout uncontrollably at your foes. [Xom's grace]
 10272 | D:11     | Gained mutation: Your muscles are strong. (Str +5) [Xom's grace]
 10272 | D:11     | Lost mutation: You have a pair of small horns on your head. [Xom's grace]
 10272 | D:11     | Lost mutation: You occasionally shout uncontrollably at your foes. [Xom's grace]
 10272 | D:11     | Lost mutation: Your muscles are strong. (Str +5) [Xom's grace]
 10272 | D:11     | Gained mutation: Your mind is acute. (Int +5) [Xom's grace]
 10272 | D:11     | Gained mutation: You have a pair of small antennae on your head. [Xom's grace]
 10280 | D:11     | Killed a white ugly thing
 10280 | D:11     | Reached skill level 1 in Charms
 10341 | D:11     | XOM: god gift: scroll of vulnerability
 10352 | D:11     | Noticed a two-headed ogre
 10359 | D:11     | Killed a two-headed ogre
 10529 | D:11     | Noticed Urug
 10544 | D:11     | Killed Urug
 10660 | D:11     | XOM: confusion (+ monsters)
 10881 | D:11     | Noticed a seven-headed hydra
 10882 | D:11     | Noticed Harold
 10887 | D:11     | XOM: blink monster(s)
 10891 | D:11     | XOM: fog
 10901 | D:11     | XOM: summons friendly crimson imp
 10905 | D:11     | Killed Harold
 10905 | D:11     | Reached XP level 12. HP: 58/80 MP: 21/21
 10916 | D:11     | XOM: noise
 10924 | D:11     | XOM: noise
 10932 | D:11     | a seven-headed hydra changed into a drowned soul
 10932 | D:11     | XOM: polymorph seven-headed hydra -> drowned soul
 11185 | D:11     | Found a gateway to a bazaar.
 11246 | Bazaar   | Entered a bazaar
 11260 | Bazaar   | Found Sakkiacs's Weapon Shoppe.
 11260 | Bazaar   | Found Veucs's Magic Scroll Emporium.
 11294 | Bazaar   | Found Ofilio's Jewellery Shoppe.
 11294 | Bazaar   | Found Yplonifo's Antique Armour Emporium.
 11328 | Bazaar   | Bought the ring of Shadows {Umbra Dex+13} for 651 gold pieces
 11331 | Bazaar   | Learned a level 2 spell: Song of Slaying
 11387 | D:12     | XOM: god gift: +0 chain mail
 11406 | D:12     | Reached skill level 1 in Dodging
 11445 | D:12     | XOM: blink monster(s)
 11448 | D:12     | XOM: confuse monster(s)
 11457 | D:12     | XOM: polymorph troll -> jumping spider
 11459 | D:12     | XOM: swap monsters
 11461 | D:12     | XOM: blink monster(s)
 11621 | D:12     | XOM: summons friendly crimson imp
 11690 | D:12     | XOM: noise
 11843 | D:12     | Reached skill level 14 in Blades
 11843 | D:12     | Reached skill level 5 in Stealth
 11871 | D:12     | XOM: potion effect (berserk rage)
 11999 | D:12     | Noticed a two-headed ogre
 12009 | D:12     | Killed a two-headed ogre
 12429 | D:13     | Noticed a two-headed ogre
 12434 | D:13     | Killed a two-headed ogre
 12442 | D:13     | XOM: cloud trail
 12552 | D:13     | XOM: god gift: +0 dagger
 12599 | D:13     | Noticed a centaur warrior
 12599 | D:13     | XOM: potion effect (augmentation)
 12603 | D:13     | XOM: cast spell 'Leda's Liquefaction'
 12617 | D:13     | Killed a centaur warrior
 12617 | D:13     | Reached XP level 13. HP: 78/86 MP: 23/23
 12682 | D:13     | XOM: summons friendly ufetubus
 12793 | D:14     | Learned a level 3 spell: Regeneration
 12806 | D:14     | Reached skill level 5 in Armour
 12812 | D:14     | XOM: medium Necr miscast
 12813 | D:14     | XOM: blink monster(s)
 12817 | D:14     | XOM: enchant monster (bad)
 12820 | D:14     | XOM: enchant monster (bad)
 12905 | D:14     | Lost mutation: You have a pair of small antennae on your head. [Xom's power]
 12905 | D:14     | Lost mutation: Your mind is acute. (Int +5) [Xom's power]
 12905 | D:14     | Lost mutation: You passively map the area around you. [Xom's power]
 12905 | D:14     | XOM: give mutations
 12905 | D:14     | Gained mutation: You are frail. (-10% HP) [Xom's grace]
 12905 | D:14     | Gained mutation: You are somewhat resistant to further mutation. [Xom's grace]
 12905 | D:14     | Gained mutation: You are agile. (Dex +5) [Xom's grace]
 12905 | D:14     | Gained mutation: You have tough skin. (AC +3) [Xom's grace]
 12905 | D:14     | Gained mutation: You have large cloven feet. [Xom's grace]
 12911 | D:14     | Reached skill level 5 in Charms
 12917 | D:14     | XOM: potion effect (augmentation)
 13012 | D:14     | XOM: blink monster(s)
 13015 | D:14     | XOM: potion effect (augmentation)
 13066 | D:14     | XOM: noise
 13069 | D:14     | XOM: enchant monster (bad)
 13296 | D:14     | XOM: cloud trail
 13313 | D:14     | XOM: swap monsters
 13314 | D:14     | XOM: noise
 13315 | D:14     | XOM: confuse monster(s)
 13319 | D:14     | XOM: potion effect (invisibility)
 13324 | D:14     | XOM: potion effect (invisibility)
 13327 | D:14     | XOM: enchant monster (good)
 13330 | D:14     | XOM: cloud trail
 13338 | D:14     | XOM: enchant monster (bad)
 13552 | D:14     | XOM: cast spell 'Confusing Touch'
 13594 | D:14     | XOM: potion effect (heal wounds)
 13808 | D:15     | Entered Level 15 of the Dungeon
 13817 | D:15     | XOM: blink monster(s)
 13829 | D:15     | XOM: potion effect (heal wounds)
 13832 | D:15     | Found a staircase to the Orcish Mines.
 13888 | D:15     | XOM: summons friendly crimson imp
 13889 | D:15     | XOM: destruction
 13894 | D:15     | XOM: summons 2 friendly demons
 13908 | D:15     | XOM: destruction
 13919 | D:15     | Reached skill level 15 in Blades
 13926 | D:15     | XOM: summons friendly shadow imp
 13928 | D:15     | XOM: enchant monster (good)
 13936 | D:15     | XOM: stat loss: -3 Str (24/27)
 13953 | D:15     | XOM: noise
 13958 | D:15     | Gained mutation: Your large and strong wings let you fly indefinitely. [Gargoyle growth]
 13958 | D:15     | Reached XP level 14. HP: 46/82 MP: 12/12
 13995 | D:15     | XOM: torment (55/82 hp)
 14076 | D:15     | XOM: confusion (+ monsters)
 14084 | D:15     | XOM: fog
 14157 | D:15     | XOM: confuse monster(s)
 14219 | D:15     | Got the +1 triple sword of the Globe {silver, Int+2 Stlth+}
 14293 | D:15     | XOM: summons friendly iron imp
 14359 | D:15     | XOM: potion effect (berserk rage)
 14364 | D:15     | XOM: medium Pois miscast
 14365 | D:15     | XOM: god gift: staff of wizardry
 14371 | D:15     | Reached skill level 1 in Summonings
 14371 | D:15     | XOM: summons 5 hostile demons
 14377 | D:15     | XOM: confuse monster(s)
 14381 | D:15     | XOM: blink monster(s)
 14384 | D:15     | XOM: enchant monster (bad)
 14387 | D:15     | Reached skill level 1 in Ice Magic
 14389 | D:15     | XOM: confuse monster(s)
 14390 | D:15     | XOM: torment (33/84 hp)
 14393 | D:15     | XOM: summons friendly quasit
 14394 | D:15     | XOM: cast spell 'Olgreb's Toxic Radiance'
 14397 | D:15     | XOM: cast spell 'Metabolic Englaciation'
 14398 | D:15     | Reached skill level 5 in Dodging
 14403 | D:15     | XOM: potion effect (invisibility)
 14411 | D:15     | XOM: noise
 14414 | D:15     | XOM: cloud trail
 14417 | D:15     | XOM: blink monster(s)
 14418 | D:15     | XOM: enchant monster (good)
 14419 | D:15     | XOM: swap monsters
 14421 | D:15     | XOM: destruction
 14424 | D:15     | XOM: potion effect (heal wounds)
 14436 | D:15     | XOM: blink monster(s)
 14438 | D:15     | XOM: polymorph boggart -> naga
 14450 | D:15     | XOM: potion effect (heal wounds)
 14458 | D:15     | XOM: confusion (+ monsters)
 14459 | D:15     | XOM: enchant monster (good)
 14476 | D:15     | XOM: potion effect (heal wounds)
 14477 | D:15     | XOM: potion effect (berserk rage)
 14538 | D:15     | XOM: enchant monster (bad)
 14539 | D:15     | XOM: fog
 14604 | D:15     | Noticed a shambling mangrove
 14604 | D:15     | a spark wasp changed into a shambling mangrove
 14605 | D:15     | a shambling mangrove changed into a silent spectre
 14611 | D:15     | Reached skill level 1 in Shields
 14635 | D:15     | XOM: potion effect (berserk rage)
 14759 | D:15     | XOM: potion effect (augmentation)
 14845 | D:15     | XOM: summons 3 friendly demons
 14850 | D:15     | XOM: swap monsters
 14852 | D:15     | XOM: enchant monster (bad)
 14860 | D:15     | Found a gate to the Vaults.
 14860 | D:15     | XOM: swap monsters
 14882 | D:15     | XOM: summons friendly shadow imp
 14940 | D:15     | XOM: summons friendly quasit
 14942 | D:15     | XOM: god gift: staff of earth
 15254 | D:15     | Found a staircase to the Depths.
 15390 | Orc:1    | Entered Level 1 of the Orcish Mines
 15553 | Orc:1    | XOM: cast spell 'Summon Butterflies'
 15757 | Orc:2    | Entered Level 2 of the Orcish Mines
 15772 | Orc:2    | Found a staircase to the Slime Pits.
 15781 | Orc:2    | Found a viscous altar of Jiyva.
 15850 | Orc:2    | XOM: cast spell 'Cause Fear'
 15858 | Orc:2    | XOM: potion effect (haste)
 15859 | Orc:2    | XOM: cast spell 'Summon Ice Beast'
 15865 | Orc:2    | Reached XP level 15. HP: 89/89 MP: 14/14
 15880 | Orc:2    | XOM: summons friendly crimson imp
 15886 | Orc:2    | XOM: potion effect (augmentation)
 15920 | Orc:2    | Found a staircase to the Swamp.
 16184 | Orc:2    | XOM: potion effect (invisibility)
 16185 | Orc:2    | XOM: potion effect (invisibility)
 16186 | Orc:2    | XOM: cast spell 'Olgreb's Toxic Radiance'
 16201 | Orc:2    | Noticed an orc warlord
 16203 | Orc:2    | XOM: blink monster(s)
 16205 | Orc:2    | XOM: noise
 16208 | Orc:2    | Killed an orc warlord
 16215 | Orc:2    | Paralysed by an orc sorcerer for 5 turns
 16216 | Orc:2    | XOM: summons friendly crimson imp
 16223 | Orc:2    | XOM: swap monsters
 16229 | Orc:2    | XOM: potion effect (haste)
 16340 | Orc:2    | XOM: potion effect (berserk rage)
 16361 | Orc:2    | XOM: enchant monster (bad)
 16369 | Orc:2    | XOM: stat loss: -1 Str (27/28)
 16370 | Orc:2    | XOM: cleaving
 16375 | Orc:2    | XOM: god gift: +8 triple sword "Teadech" {chaos, rC+ Dex+2}
 16381 | Orc:2    | Reached skill level 16 in Blades
 16381 | Orc:2    | XOM: swap monsters
 16386 | Orc:2    | XOM: potion effect (invisibility)
 16403 | Orc:2    | Got the +8 triple sword "Teadech" {chaos, rC+ Dex+2}
 16515 | Orc:2    | XOM: potion effect (invisibility)
 16526 | Orc:2    | XOM: enchant monster (bad)
 16533 | Orc:2    | Found a gateway to a bazaar.
 16533 | Orc:2    | XOM: blink monster(s)
 16535 | Orc:2    | XOM: noise
 16537 | Orc:2    | Reached skill level 10 in Stealth
 16784 | Bazaar   | Bought a scroll of blinking for 150 gold pieces
 16889 | Swamp:1  | Entered Level 1 of the Swamp
 16892 | Swamp:1  | XOM: blink monster(s)
 16924 | Swamp:1  | Noticed a thorn hunter
 16938 | Swamp:1  | Killed a thorn hunter
 17035 | Swamp:1  | XOM: god gift: 25 gold pieces
 17128 | Swamp:1  | XOM: fog
 17164 | Swamp:1  | XOM: polymorph swamp worm -> wolf spider
 17176 | Swamp:1  | XOM: summons friendly crimson imp
 17254 | Swamp:1  | Noticed a tentacled monstrosity
 17267 | Swamp:1  | Killed a tentacled monstrosity
 17413 | Swamp:1  | Noticed a thorn hunter
 17420 | Swamp:1  | Killed a thorn hunter
 17424 | Swamp:1  | Reached XP level 16. HP: 93/94 MP: 16/16
 17758 | Swamp:2  | Noticed Roxanne
 17881 | Swamp:2  | XOM: potion effect (augmentation)
 17913 | Swamp:2  | Lost mutation: You have large cloven feet. [Xom's power]
 17913 | Swamp:2  | Lost mutation: You are agile. (Dex +5) [Xom's power]
 17913 | Swamp:2  | Lost mutation: You are frail. (-10% HP) [Xom's power]
 17913 | Swamp:2  | Lost mutation: You are somewhat resistant to further mutation. [Xom's power]
 17913 | Swamp:2  | Lost mutation: You have tough skin. (AC +3) [Xom's power]
 17913 | Swamp:2  | XOM: give mutations
 17913 | Swamp:2  | Gained mutation: You possess an exceptional clarity of mind. [Xom's grace]
 17913 | Swamp:2  | Gained mutation: Your spells are a little harder to cast, but a little more powerful. [Xom's grace]
 17913 | Swamp:2  | Gained mutation: Your magical capacity is low. (-10% MP) [Xom's grace]
 17913 | Swamp:2  | Lost mutation: You possess an exceptional clarity of mind. [Xom's grace]
 17913 | Swamp:2  | Gained mutation: Potions take you a little longer to quaff. [Xom's grace]
 17913 | Swamp:2  | Gained mutation: You are frail. (-10% HP) [Xom's grace]
 17913 | Swamp:2  | Lost mutation: Potions take you a little longer to quaff. [Xom's grace]
 17913 | Swamp:2  | Gained mutation: Armour fits poorly on your strangely shaped body. [Xom's grace]
 17913 | Swamp:2  | Gained mutation: Your flesh is heat resistant. (rF+) [Xom's grace]
 17913 | Swamp:2  | Gained mutation: Your movements are less encumbered by armour. (ER -6) [Xom's grace]
 17914 | Swamp:2  | Lost mutation: Your spells are a little harder to cast, but a little more powerful. [potion of mutation]
 17914 | Swamp:2  | Lost mutation: Your magical capacity is low. (-10% MP) [potion of mutation]
 17914 | Swamp:2  | Gained mutation: You have a pair of small antennae on your head. [potion of mutation]
 17914 | Swamp:2  | Lost mutation: Armour fits poorly on your strangely shaped body. [potion of mutation]
 17914 | Swamp:2  | Gained mutation: Your mind is acute. (Int +5) [potion of mutation]
 17969 | Swamp:2  | XOM: confuse monster(s)
 18110 | Swamp:2  | Killed Roxanne
 18251 | Swamp:2  | XOM: cast spell 'Confusing Touch'
 18471 | Swamp:2  | Got the +8 chain mail of the Red Skies {rPois MR+}
 18584 | Swamp:3  | Entered Level 3 of the Swamp
 18615 | Swamp:3  | Noticed a thorn hunter
 18620 | Swamp:3  | Killed a thorn hunter
 18622 | Swamp:3  | XOM: enchant monster (bad)
 18638 | Swamp:3  | XOM: enchant monster (bad)
 18642 | Swamp:3  | Noticed a thorn hunter
 18665 | Swamp:3  | XOM: cast spell 'Shadow Creatures'
 18676 | Swamp:3  | XOM: potion effect (invisibility)
 18680 | Swamp:3  | XOM: enchant monster (bad)
 18682 | Swamp:3  | Noticed a thorn hunter
 18684 | Swamp:3  | XOM: swap monsters
 18686 | Swamp:3  | XOM: potion effect (berserk rage)
 18688 | Swamp:3  | XOM: noise
 18689 | Swamp:3  | XOM: chaos cloud
 18690 | Swamp:3  | Killed a thorn hunter
 18702 | Swamp:3  | Killed a thorn hunter
 18705 | Swamp:3  | Reached skill level 17 in Blades
 18749 | Swamp:3  | XOM: summons friendly crimson imp
 18753 | Swamp:3  | Reached skill level 10 in Armour
 18860 | Swamp:3  | XOM: god gift: ring "Zetetzum" {rC+ MP+9 Int+5 Dex-4}
 18861 | Swamp:3  | Got the ring "Zetetzum" {rC+ MP+9 Int+5 Dex-4}
 18887 | Swamp:3  | XOM: summons 1 hostile demon
 18955 | Swamp:3  | XOM: potion effect (augmentation)
 19019 | Swamp:3  | Noticed the 27-headed Lernaean hydra
 19025 | Swamp:3  | XOM: swap monsters
 19031 | Swamp:3  | Killed the 27-headed Lernaean hydra
 19034 | Swamp:3  | XOM: swap monsters
 19042 | Swamp:3  | XOM: confuse monster(s)
 19161 | Swamp:3  | Found a gate to the Vaults.
 19169 | Swamp:3  | Got a decaying rune of Zot
 19273 | Swamp:3  | XOM: enchant monster (good)
 19463 | Vaults:1 | XOM: god gift: staff of earth
 19463 | Vaults:1 | Entered Level 1 of the Vaults
 19471 | Vaults:1 | Reached XP level 17. HP: 99/99 MP: 21/21
 19488 | Vaults:1 | XOM: polymorph vault guard -> ghoul
 19498 | Vaults:1 | XOM: blink monster(s)
 19514 | Vaults:1 | XOM: blink monster(s)
 19518 | Vaults:1 | XOM: noise
 19519 | Vaults:1 | Noticed a sphinx
 19519 | Vaults:1 | a vault warden changed into a sphinx
 19519 | Vaults:1 | XOM: polymorph vault warden -> sphinx
 19521 | Vaults:1 | XOM: cast spell 'Summon Horrible Things'
 19524 | Vaults:1 | XOM: summons friendly crimson imp
 19540 | Vaults:1 | XOM: cloud trail
 19550 | Vaults:1 | XOM: noise
 19553 | Vaults:1 | XOM: potion effect (invisibility)
 19554 | Vaults:1 | XOM: potion effect (augmentation)
 19555 | Vaults:1 | Paralysed by a sphinx for 4 turns
 19556 | Vaults:1 | XOM: enchant monster (good)
 19560 | Vaults:1 | XOM: noise
 19561 | Vaults:1 | Killed a sphinx
 19568 | Vaults:1 | XOM: summons friendly crimson imp
 19569 | Vaults:1 | XOM: potion effect (invisibility)
 19693 | Vaults:1 | XOM: confusion (+ monsters)
 19791 | Vaults:1 | Found a gateway to a bazaar.
 19800 | Vaults:1 | XOM: potion effect (invisibility)
 19802 | Vaults:1 | XOM: potion effect (augmentation)
 19882 | Vaults:1 | XOM: cloud trail
 20076 | Vaults:1 | XOM: noise
 20249 | Vaults:1 | Noticed a sphinx
 20257 | Vaults:1 | Killed a sphinx
 20294 | Vaults:1 | XOM: potion effect (augmentation)
 20327 | Vaults:1 | XOM: summons 2 friendly demons
 20340 | Vaults:1 | XOM: potion effect (haste)
 20772 | Bazaar   | Bought the amulet of Xom's Malicious Joy {Faith MR+ Int+2 Slay+2} for 1238 gold pieces
 20803 | Bazaar   | Bought a scroll of teleportation for 60 gold pieces
 20813 | Bazaar   | Bought a scroll of teleportation for 102 gold pieces
 20830 | Vaults:2 | XOM: potion effect (invisibility)
 20831 | Vaults:2 | Reached skill level 18 in Blades
 20833 | Vaults:2 | XOM: god gift: +5 ring of strength
 20841 | Vaults:2 | XOM: blink monster(s)
 20843 | Vaults:2 | XOM: swap monsters
 20961 | Vaults:2 | XOM: swap monsters
 20965 | Vaults:2 | XOM: enchant monster (good)
 20980 | Vaults:2 | XOM: cleaving
 20982 | Vaults:2 | XOM: cast spell 'Alistair's Intoxication'
 21067 | Vaults:2 | Learned a level 2 spell: Blink
 21247 | Vaults:2 | Reached skill level 1 in Translocations
 21328 | Vaults:2 | XOM: noise
 21332 | Vaults:2 | XOM: fog
 21346 | Vaults:2 | XOM: confuse monster(s)
 21358 | Vaults:2 | Reached XP level 18. HP: 64/104 MP: 26/26
 21467 | Vaults:2 | XOM: summons friendly crimson imp
 21472 | Vaults:2 | XOM: cloud trail
 21623 | Vaults:2 | XOM: medium Fire miscast
 21639 | Vaults:2 | XOM: summons friendly iron imp
 21644 | Vaults:2 | XOM: noise
 21647 | Vaults:2 | XOM: summons 1 hostile demon
 21649 | Vaults:2 | XOM: noise
 21669 | Vaults:2 | XOM: cloud trail
 21833 | Vaults:2 | Got the ring "Qioff" {rF+ Str+3 Dex+3 Slay+3}
 21956 | Vaults:2 | XOM: enchant monster (good)
 21968 | Vaults:2 | XOM: cleaving
 22126 | Vaults:3 | Entered Level 3 of the Vaults
 22126 | Vaults:3 | Found a staircase to the Slime Pits.
 22126 | Vaults:3 | Found a staircase to the Depths.
 22130 | Vaults:3 | XOM: confusion (+ monsters)
 22137 | Vaults:3 | XOM: swap monsters
 22147 | Vaults:3 | XOM: summons friendly shadow imp
 22163 | Vaults:3 | XOM: potion effect (augmentation)
 22197 | Vaults:3 | Reached skill level 10 in Dodging
 22199 | Vaults:3 | XOM: summons friendly crimson imp
 22214 | Vaults:3 | XOM: cast spell 'Summon Small Mammal'
 22215 | Vaults:3 | XOM: potion effect (invisibility)
 22219 | Vaults:3 | XOM: cloud trail
 22221 | Vaults:3 | Reached skill level 19 in Blades
 22221 | Vaults:3 | XOM: enchant monster (bad)
 22230 | Vaults:3 | XOM: noise
 22232 | Vaults:3 | XOM: summons 2 hostile demons
 22233 | Vaults:3 | XOM: divine lightning
 22241 | Vaults:3 | Reached skill level 5 in Translocations
 22354 | Vaults:3 | XOM: cast spell 'Call Canine Familiar'
 22365 | Vaults:3 | XOM: confuse monster(s)
 22391 | Vaults:3 | XOM: enchant monster (bad)
 22398 | Vaults:3 | Reached XP level 19. HP: 77/108 MP: 27/27
 22436 | Vaults:3 | XOM: potion effect (augmentation)
 22522 | Vaults:3 | XOM: swap monsters
 22595 | Vaults:3 | XOM: summons 3 hostile demons
 22668 | Vaults:3 | XOM: summons friendly crimson imp
 22714 | Vaults:3 | XOM: cloud trail
 22716 | Vaults:3 | XOM: enchant monster (bad)
 22720 | Vaults:3 | XOM: potion effect (augmentation)
 22726 | Vaults:3 | XOM: summons 1 hostile demon
 22728 | Vaults:3 | Identified the +4 shortbow "Anysolum" {freeze, rC+}
 22818 | Vaults:3 | Noticed an elevengu
 22818 | Vaults:3 | a fire giant changed into an elevengu
 22818 | Vaults:3 | XOM: polymorph fire giant -> elevengu
 22855 | Vaults:3 | XOM: god gift: +8 triple sword "Loopy" {chaos, MR+ Str+5}
 22857 | Vaults:3 | Got the +8 triple sword "Loopy" {chaos, MR+ Str+5}
 22980 | Vaults:3 | Got the ring of Xom's Outrage {+Blink rN+ Int+4}
 23097 | Vaults:3 | Noticed an ancient lich
 23098 | Vaults:3 | XOM: noise
 23160 | Vaults:3 | XOM: polymorph shadow dragon -> tentacled starspawn
 23163 | Vaults:3 | XOM: enchant monster (bad)
 23164 | Vaults:3 | XOM: cast spell 'Olgreb's Toxic Radiance'
 23165 | Vaults:3 | Lost mutation: You have a pair of small antennae on your head. [Xom's power]
 23165 | Vaults:3 | Lost mutation: Your mind is acute. (Int +5) [Xom's power]
 23165 | Vaults:3 | Lost mutation: Your flesh is heat resistant. (rF+) [Xom's power]
 23165 | Vaults:3 | Lost mutation: You are frail. (-10% HP) [Xom's power]
 23165 | Vaults:3 | Lost mutation: Your movements are less encumbered by armour. (ER -6) [Xom's power]
 23165 | Vaults:3 | XOM: give mutations
 23165 | Vaults:3 | Gained mutation: You occasionally shout uncontrollably at your foes. [Xom's grace]
 23165 | Vaults:3 | Gained mutation: Potions take you a little longer to quaff. [Xom's grace]
 23165 | Vaults:3 | Gained mutation: Your movements are less encumbered by armour. (ER -6) [Xom's grace]
 23165 | Vaults:3 | Lost mutation: Potions take you a little longer to quaff. [Xom's grace]
 23165 | Vaults:3 | Gained mutation: Your flesh is cold resistant. (rC+) [Xom's grace]
 23165 | Vaults:3 | Gained mutation: You have very sharp teeth. [Xom's grace]
 23301 | Vaults:3 | XOM: noise
 23346 | Vaults:3 | XOM: enchant monster (good)
 23348 | Vaults:3 | XOM: cloud trail
 23518 | Vaults:3 | XOM: blink monster(s)
 23680 | Vaults:3 | XOM: blink monster(s)
 23686 | Vaults:3 | XOM: potion effect (heal wounds)
 23697 | Vaults:3 | Noticed a ghost robin
 23697 | Vaults:3 | a shadow dragon changed into a ghost robin
 23697 | Vaults:3 | XOM: polymorph shadow dragon -> ghost robin
 23698 | Vaults:3 | XOM: cleaving
 23699 | Vaults:3 | Reached skill level 20 in Blades
 23702 | Vaults:3 | Killed a ghost robin
 23766 | Vaults:3 | XOM: potion effect (invisibility)
 23813 | Vaults:3 | Got a silver rune of Zot
 23835 | Vaults:3 | XOM: summons friendly ufetubus
 23838 | Vaults:3 | XOM: god gift: staff of wizardry
 23842 | Vaults:3 | XOM: enchant monster (good)
 23855 | Vaults:3 | Reached XP level 20. HP: 99/126 MP: 25/25
 23856 | Vaults:3 | XOM: cast spell 'Shadow Creatures'
 23880 | Vaults:3 | XOM: cloud trail
 24006 | Vaults:3 | XOM: swap monsters
 24054 | Vaults:3 | Killed an elevengu
 24074 | Vaults:3 | XOM: chaos cloud
 24202 | Vaults:3 | XOM: enchant monster (bad)
 24204 | Vaults:3 | XOM: noise
 24260 | Vaults:3 | XOM: potion effect (augmentation)
 24310 | Vaults:3 | XOM: cast spell 'Confusing Touch'
 24313 | Vaults:3 | XOM: potion effect (berserk rage)
 24321 | Vaults:3 | XOM: summons 2 friendly demons
 24323 | Vaults:3 | Killed an ancient lich
 24333 | Vaults:3 | XOM: potion effect (invisibility)
 24479 | Vaults:3 | Identified a +0 pair of boots of running (You found it on level 3 of the Vaults)
 24757 | Vaults:3 | XOM: polymorph stone giant -> tentacled starspawn
 24761 | Vaults:3 | XOM: potion effect (augmentation)
 24765 | Vaults:3 | XOM: god gift: +5 morningstar "Kuwaad" {chaos, rC+ Dex+4}
 24917 | Slime:1  | XOM: god gift: +0 demon blade of draining
 24917 | Slime:1  | Entered Level 1 of the Pits of Slime
 24921 | Slime:1  | Gained mutation: Armour fits poorly on your strangely shaped body. [a shining eye]
 24926 | Slime:1  | XOM: cloud trail
 24929 | Slime:1  | XOM: confuse monster(s)
 24939 | Slime:1  | XOM: swap monsters
 24951 | Slime:2  | XOM: blink monster(s)
 24956 | Slime:2  | XOM: blink monster(s)
 24961 | Slime:2  | XOM: potion effect (augmentation)
 25026 | Slime:2  | XOM: noise
 25031 | Slime:2  | Gained mutation: Your mind is acute. (Int +5) [a shining eye]
 25034 | Slime:2  | XOM: enchant monster (bad)
 25150 | Slime:3  | Entered Level 3 of the Pits of Slime
 25182 | Slime:3  | XOM: confusion (+ monsters)
 25195 | Slime:3  | XOM: summons friendly white imp
 25203 | Slime:3  | XOM: potion effect (berserk rage)
 25214 | Slime:3  | XOM: blink monster(s)
 25231 | Slime:3  | XOM: summons friendly ufetubus
 25231 | Slime:3  | HP: 4/126 [death ooze (9)]
 25234 | Slime:3  | XOM: potion effect (heal wounds)
 25237 | Slime:3  | Slain by a very large slime creature

Skill      XL: |  1  2  3  4  5  6  7  8  9 10 11 12 13 14 15 16 17 18 19 20 |
---------------+-------------------------------------------------------------+-----
Blades         | 3 4 5 6 7 9 10 12 13 14 15 16 17 18 19 20 | 20.8
Fighting       | 4 5 6 7 9 10 11 12 13 | 13.9
Stealth        | 3 5 7 9 10 12 13 | 13.2
Charms         | 2 4 6 |  6.6
Dodging        | 3 4 5 7 8 9 10 11 12 | 12.0
Armour         | 4 6 7 9 10 11 12 13 14 | 14.7
Summonings     | 2 |  2.1
Ice Magic      | 2 |  2.0
Shields        | 3 4 |  4.5
Translocations | 2 5 6 |  6.3

Action                   |  1- 3 |  4- 6 |  7- 9 | 10-12 | 13-15 | 16-18 | 19-21 || total
-------------------------+-------+-------+-------+-------+-------+-------+-------++-------
Melee: Rapier            |   137 |    29 |       |       |       |       |       ||   166
       Scimitar          |       |    50 |       |     4 |    28 |       |       ||    82
       Bite              |       |     2 |       |       |       |       |    81 ||    83
       Double sword      |       |    19 |   143 |       |       |       |       ||   162
       Headbutt          |       |     2 |     3 |       |       |       |       ||     5
       Peck              |       |       |    17 |       |       |       |       ||    17
       Dagger            |       |       |    84 |   411 |   666 |       |       ||  1161
       Kick              |       |       |    19 |       |       |       |       ||    19
       Triple sword      |       |       |       |       |   110 |   762 |   488 ||  1360
Throw: Poisoned dart     |       |       |       |     3 |     3 |       |       ||     6
       Tomahawk          |       |       |       |       |       |    28 |       ||    28
       Curare dart       |       |       |       |       |       |     2 |       ||     2
 Cast: Song of Slaying   |       |       |       |     1 |       |       |       ||     1
       Regeneration      |       |       |       |       |     1 |       |       ||     1
       Blink             |       |       |       |       |       |     1 |     1 ||     2
 Abil: Fly               |       |       |       |       |     1 |       |       ||     1
Evoke: Wand              |       |       |       |     3 |     7 |     2 |     2 ||    14
       Sack of spiders   |       |       |       |       |       |       |     1 ||     1
  Use: Scroll            |       |       |       |       |     4 |     5 |    15 ||    24
       Potion            |       |       |       |       |     1 |     7 |    13 ||    21
 Stab: Paralysed         |       |     2 |       |       |     1 |    10 |     6 ||    19
       Invisible         |       |       |     9 |       |    36 |    21 |       ||    66
       Petrified         |       |       |     1 |       |     2 |     1 |     4 ||     8
       Confused          |       |       |       |     4 |     4 |    11 |     2 ||    21
       Sleeping          |       |       |       |     5 |    19 |    18 |     3 ||    45
       Distracted        |       |       |       |       |     8 |     7 |     9 ||    24
       Petrifying        |       |       |       |       |     1 |     8 |     7 ||    16
Armor: Leather armour    |    36 |       |       |       |       |       |       ||    36
       Chain mail        |    68 |    97 |   136 |       |       |   734 |    76 ||  1111
       Ring mail         |       |       |       |   160 |   375 |    27 |       ||   562
       Shadow dragon sca |       |       |       |       |       |       |   167 ||   167
Dodge: Dodged            |    67 |    53 |    98 |   173 |   601 |   948 |   493 ||  2433
Block: Buckler           |       |       |       |       |    55 |       |       ||    55
